 Dungeon Crawl Stone Soup version 0.23.0-3-gf3c87f2 (webtiles) character file.

Game seed: 4857093491747613252

794 ohad the Magician (level 7, -7/51 HPs)
             Began as an Octopode Transmuter on Feb 22, 2019.
             Was an Initiate of Gozag.
             Killed from afar by an electric eel (8 damage)
             ... with a bolt of electricity
             ... on level 6 of the Dungeon.
             The game lasted 00:12:57 (4793 turns).

ohad the Magician (Octopode Transmuter)             Turns: 4793, Time: 00:12:58

Health: -7/51      AC: 11    Str: 10    XL:     7   Next: 89%
Magic:  0/24       EV: 10    Int: 17    God:    Gozag
Gold:   631        SH:  0    Dex: 12    Spells: 6/16 levels left

rFire    x . .     SeeInvis .     - Unarmed
rCold    + + +     Gourm    .   (shield currently unavailable)
rNeg     . . .     Faith    .   (helmet currently unavailable)
rPois    +         Spirit   +   p - amulet of guardian spirit
rElec    .         Reflect  .   b - +5 ring of protection
rCorr    +         Harm     .   i - ring of magical power
MR       .....                  q - ring of resist corrosion
Stlth    +.........             (no ring)
HPRegen  0.17/turn              (no ring)
MPRegen  0.19/turn              (no ring)
                                (no ring)
                                (no ring)

@: ice-form
A: large, almost no armour, stealthy swim, amphibious, 8 rings, (constrict 8)
a: End Transformation, Potion Petition, Call Merchant, Bribe Branch, Renounce
Religion


You were on level 6 of the Dungeon.
You worshipped Gozag.
Gozag was pleased with you.
You were not hungry.
You were a creature of crystalline ice.
You visited 1 branch of the dungeon, and saw 6 of its levels.
You also visited: Sewer.

You collected 827 gold pieces.
You spent 182 gold pieces at shops.
You paid 14 gold pieces to Gozag.

Inventory:

Missiles
 a - 28 arrows
Armour
 w - a +0 large shield
Jewellery
 b - a +5 ring of protection (left front paw)
 i - a ring of magical power (right front paw)
 p - an amulet of guardian spirit (around neck)
 q - a ring of resist corrosion (on tentacle)
Wands
 t - a wand of polymorph (11)
 u - a wand of random effects (24)
Scrolls
 e - a scroll of enchant weapon
 g - 7 scrolls of remove curse
 h - 4 scrolls of teleportation {unknown}
 k - 4 scrolls of fog
 r - 2 scrolls of amnesia
Potions
 d - 4 potions of lignification
 f - a potion of haste
 j - 3 potions of curing
 l - 4 potions of heal wounds
 m - 2 potions of ambrosia
 n - 5 potions of flight
 o - a potion of berserk rage
 s - a potion of magic {unknown}
 x - a potion of agility
 z - 3 potions of invisibility
 A - a potion of might {unknown}
Comestibles
 c - 7 rations


   Skills:
 - Level 1.0 Fighting
 - Level 2.0 Dodging
 + Level 3.7 Unarmed Combat
 - Level 5.4 Spellcasting
 - Level 5.3 Transmutations
 - Level 2.9 Ice Magic


You had 6 spell levels left.
You knew the following spells:

 Your Spells              Type           Power        Failure   Level  Hunger
a - Beastly Appendage     Tmut           ###...       1%          1    None
b - Sticks to Snakes      Tmut           ###.....     2%          2    #......
c - Spider Form           Tmut/Pois      ##........   14%         3    ##.....
d - Ice Form              Ice/Tmut       ###.....     24%         4    ####...

Your spell library contained the following spells:

 Spells                   Type           Power        Failure   Level  Hunger
 Blade Hands              Tmut           ###.......   38%         5    ######.


Dungeon Overview and Level Annotations

Branches:
Dungeon (6/15)
 Temple: D:4-7

Altars:
Ashenzari
Cheibriados
Gozag
Hepliaklqana
Qazlal
Ru
Zin
The Shining One

Shops:
D:4 :   D:5 (?

Annotations:
D:3 3 runed translucent doors, p0werm0de's ghost, weakling NaWn


Innate Abilities, Weirdness & Mutations

You cannot wear most types of armour.
You are very stealthy in the water. (Stealth+)
You are amphibious.
You can wear up to eight rings at the same time.
((You can use your tentacles to constrict eight enemies at once.))
((Your skin changes colour to match your surroundings (Stealth+).))
((Your rubbery body absorbs attacks. (AC +1, EV +1)))


Message History

* * * LOW HITPOINT WARNING * * *
The electric eel shoots out a bolt of lightning at you!
The bolt of electricity misses you.
The electric eel shoots out a bolt of lightning at you!
The bolt of electricity hits you!
* * * LOW HITPOINT WARNING * * *
There is a stone staircase leading up here.
Unknown command.
The orc priest shouts!
The dart slug launches a dart at you. The slug dart misses you.
The electric eel shoots out a bolt of lightning at you!
The bolt of electricity misses you.
The electric eel shoots out a bolt of lightning at you!
The bolt of electricity hits you!
* * * LOW HITPOINT WARNING * * *
The electric eel shoots out a bolt of lightning at you!
The bolt of electricity hits you!
You die...
Your body crumbles into a pile of gold.

......###..$..≈≈.≈≈..........
.....## ##...≈≈≈≈#≈≈w.......
....## ..≈w≈≈≈≈≈≈≈w≈..###
....# .#≈≈≈≈w≈..##≈≈≈.. ...##
##.≈≈≈##..$≈≈≈≈≈.# ..##
≈≈≈≈≈≈≈.!≈≈≈#≈≈# .#
≈≈≈≈≈≈≈.;≈≈≈#≈≈
≈≈≈≈≈≈≈.$.≈≈;≈≈#
≈≈≈≈≈≈.Y.≈≈;w≈≈.
≈≈≈≈≈≈...≈≈#w≈≈≈
≈≈≈≈≈≈≈.≈≈≈≈≈≈≈≈
≈≈≈≈≈≈≈.≈≈≈#≈w≈.
.≈≈≈≈≈.$≈.≈≈≈≈..
.≈#≈≈≈...≈o≈≈#.
..≈≈#≈≈≈≈≈≈≈;..
...≈≈≈≈#o≈....


You could see 4 electric eels, an orc priest, 5 dart slugs and an orc.

Vanquished Creatures
  Menkaure (D:5)
  2 ogres (D:4)
  A big kobold (Sewer)
  A crimson imp (D:4)
  2 hounds (D:4)
  3 orc priests
  An orc wizard (D:4)
  A worker ant (D:5)
  An adder (D:2)
  A shadow imp (D:5)
  A worm (D:3)
  A dart slug (D:2)
  7 leopard geckos
  15 orcs
  5 bats
  6 giant cockroaches
  7 goblins
  11 hobgoblins
  2 jackals (Sewer)
  5 kobolds
  2 quokkas (D:5)
  3 ball pythons
  A ball python skeleton (D:5)
  4 frilled lizards
  A goblin skeleton (D:4)
  2 hobgoblin zombies (D:4)
  A jackal skeleton (D:5)
  2 kobold zombies (D:4)
  3 orc skeletons (D:4)
  An orc zombie (D:4)
  11 rats
105 creatures vanquished.

Vanquished Creatures (collateral kills)
  An ogre (D:6)
1 creature vanquished.

Vanquished Creatures (others)
  A dart slug (D:6)
1 creature vanquished.

Grand Total: 107 creatures vanquished

Notes
Turn   | Place    | Note
-------+----------+-------------------------------------------
     0 | D:1      | ohad the Octopode Transmuter began the quest for the Orb.
     0 | D:1      | Reached XP level 1. HP: 13/13 MP: 3/3
   138 | D:1      | Reached XP level 2. HP: 17/18 MP: 5/5
   659 | D:2      | Found a stormy altar of Qazlal.
   659 | D:2      | Noticed an air elemental
   659 | D:2      | Noticed an earth elemental
   663 | D:2      | Noticed a fire elemental
   663 | D:2      | Noticed a water elemental
   709 | D:2      | Reached XP level 3. HP: 18/23 MP: 5/6
  1207 | D:2      | Found a snail-covered altar of Cheibriados.
  1414 | D:2      | Found an opulent altar of Gozag.
  1414 | D:2      | Found a glowing silver altar of Zin.
  1428 | D:2      | Became a worshipper of Gozag Ym Sagoz the Greedy
  1622 | D:3      | Reached XP level 4. HP: 15/28 MP: 7/7
  1878 | D:3      | Found a glowing drain.
  1894 | Sewer    | Entered a sewer
  1986 | Sewer    | Noticed a big kobold
  2044 | Sewer    | Killed a big kobold
  2044 | Sewer    | Reached skill level 5 in Transmutations
  2044 | Sewer    | Reached XP level 5. HP: 30/33 MP: 8/8
  2053 | Sewer    | Learned a level 2 spell: Sticks to Snakes
  2057 | Sewer    | Learned a level 3 spell: Spider Form
  2102 | Sewer    | Found a white marble altar of Elyvilon.
  2290 | D:3      | Found a runed translucent gate.
  2290 | D:3      | Found a runed translucent gate.
  2290 | D:3      | Found a runed translucent gate.
  2293 | D:3      | Found an opulent altar of Gozag.
  2299 | D:3      | Noticed p0werm0de's ghost (weakling NaWn)
  2524 | D:4      | Found Sirousk's Book Emporium.
  2564 | D:4      | Noticed an ogre
  2648 | D:4      | Found a shattered altar of Ashenzari.
  2685 | D:4      | Reached XP level 6. HP: 38/38 MP: 11/11
  2700 | D:4      | Found a glowing golden altar of the Shining One.
  2799 | D:4      | Learned a level 4 spell: Ice Form
  2831 | D:4      | Reached skill level 1 in Ice Magic
  3007 | D:4      | Reached XP level 7. HP: 22/43 MP: 7/13
  3541 | D:5      | Entered Level 5 of the Dungeon
  3607 | D:5      | Found a hazy altar of Hepliaklqana.
  4103 | D:5      | Found Kenexzewn's Weapon Shop.
  4130 | D:5      | Noticed Menkaure
  4140 | D:5      | Killed Menkaure
  4140 | D:5      | Reached skill level 5 in Spellcasting
  4165 | D:5      | Found Qyboim's Magic Scroll Shoppe.
  4170 | D:5      | Bought a scroll of identify for 28 gold pieces
  4170 | D:5      | Bought a scroll of identify for 28 gold pieces
  4170 | D:5      | Bought a scroll of identify for 28 gold pieces
  4170 | D:5      | Bought a scroll of identify for 28 gold pieces
  4170 | D:5      | Bought a scroll of identify for 28 gold pieces
  4170 | D:5      | Bought a scroll of remove curse for 42 gold pieces
  4531 | D:6      | Found a sacrificial altar of Ru.
  4793 | D:6      | HP: 1/51 [electric eel/bolt of electricity (6)]
  4793 | D:6      | Killed from afar by an electric eel

Skill      XL: |  1  2  3  4  5  6  7 |
---------------+----------------------+-----
Transmutations | 3 4 5 |  5.3
Spellcasting   | 3 4 5 |  5.4
Ice Magic      | 2 |  2.9
Fighting       | |  1.0
Dodging        | |  2.0
Unarmed Combat | |  3.7

Action                   |  1- 3 |  4- 6 |  7- 9 || total
-------------------------+-------+-------+-------++-------
Melee: Unarmed           |    93 |   147 |    45 ||   285
       Tentacles         |    13 |    20 |     8 ||    41
       Constrict         |    28 |    25 |    10 ||    63
       Kick              |     3 |     5 |       ||     8
       Punch             |     3 |     3 |     1 ||     7
 Cast: Beastly Appendage |     5 |     4 |     2 ||    11
       Spider Form       |       |     6 |     1 ||     7
       Sticks to Snakes  |       |     1 |     5 ||     6
       Ice Form          |       |       |     3 ||     3
  Use: Scroll            |       |     7 |     6 ||    13
 Stab: Sleeping          |     5 |     4 |     3 ||    12
  Eat: Chunk             |     2 |       |       ||     2
       Ration            |       |     2 |     2 ||     4
Armor: Skin              |    26 |    30 |     7 ||    63
Dodge: Dodged            |    58 |    80 |    30 ||   168
